 Dungeon Crawl Stone Soup version 0.25.1-2-g60ff931df9 (webtiles) character file.

Game seed: 10765969246740051819

376200 Allula97 the Warrior (level 22, -1/199 HPs)
             Began as a Demonspawn Fighter on Nov 17, 2020.
             Was the Champion of Ru.
             Shot with a bolt by a vault warden (36 damage)
             ... on level 5 of the Vaults on Nov 18, 2020.
             The game lasted 05:46:36 (56626 turns).

Allula97 the Warrior (Demonspawn Fighter)          Turns: 56626, Time: 05:46:37

Health: -1/199     AC: 40    Str: 20    XL:     22   Next: 9%
Magic:  0/27       EV: 18    Int:  6    God:    Ru [******]
Gold:   1577       SH:  0    Dex: 21    Spells: 21/21 levels left

rFire    + + +     SeeInvis .   k - +5 lajatang (vamp)
rCold    + + .     Gourm    .   (shield currently unavailable)
rNeg     + + .     Faith    .   p - +5 scale mail "Fiastruc" {Slay+3}
rPois    +         Spirit   +   C - +2 hat
rElec    +         Reflect  .   n - +3 cloak of Skepticism {rPois Str-3 Dex+4}
rCorr    .         Harm     .   N - +2 pair of gloves {Dex+3}
MR       +....     Rnd*Rage +   (boots unavailable)
Stlth    ..........             s - amulet of guardian spirit
HPRegen  0.43/turn              x - ring "Pazi" {+Fly rPois rF+ AC+4 Str-2}
MPRegen  0.20/turn              D - ring "Loptitom" {rF+ rC++ rN++ Int-4}

@: mighty, exhausted, marked, sanguine armour, very slightly contaminated,
constricted, lightly drained, invisible
A: claws 1, talons 3, berserk 1, fire resistance 1, foul stench 1, low mp 1,
mutation resistance 1, powered by pain 2, robust 1, electricity resistance, rot
immunity, flame cloud immunity, subdued magic 1, no conjurations magic, no earth
magic, no necromancy magic, unskilled 1, inexperienced 1, sanguine armour 3
}: 1/15 runes: barnacled
a: Draw Out Power, Power Leap, Apocalypse, Renounce Religion, Evoke Flight


You were on level 5 of the Vaults.
You worshipped Ru.
Ru was exalted by your worship.
You were not hungry.

You visited 9 branches of the dungeon, and saw 40 of its levels.
You visited the Abyss 4 times.
You also visited: Bailey.

You collected 4969 gold pieces.
You spent 3392 gold pieces at shops.

Inventory:

Hand Weapons
 k - a +5 vampiric lajatang (weapon)
 z - a +5 trishula of holy wrath
 K - a +2 demon trident of venom
 O - a +3 glaive of freezing
 Y - a +4 demon whip of flaming
Missiles
 E - 7 silver boomerangs
 R - 7 silver javelins (quivered)
Armour
 n - the +3 cloak of Skepticism (worn) {rPois Str-3 Dex+4}
   (You acquired it on level 4 of the Lair of Beasts)

   It affects your strength (-3).
   It affects your dexterity (+4).
   It protects you from poison.
 o - +1 ice dragon scales
 p - the +5 scale mail "Fiastruc" (worn) {Slay+3}
   (You found it on level 6 of the Dungeon)

   It affects your accuracy and damage with ranged weapons and melee attacks
   (+3).
 C - a +2 hat (worn)
 N - a +2 pair of gloves of dexterity (worn)
 P - a +0 crystal plate armour
 U - the +2 shield of Resistance {rF+ rC+ MR+}
   (You took it off a deep elf mage on level 2 of the Vaults)

   It protects you from fire.
   It protects you from cold.
   It affects your resistance to hostile enchantments.
 W - quicksilver dragon scales
Jewellery
 s - an amulet of guardian spirit (around neck)
 x - the ring "Pazi" (left hand) {+Fly rPois rF+ AC+4 Str-2}
   (You took it off a deep elf mage on level 3 of the Elven Halls)

   [ring of protection]

   It affects your AC (+4).
   It affects your strength (-2).
   It protects you from fire.
   It protects you from poison.
   It lets you fly.
 y - an uncursed ring of resist corrosion
 B - an uncursed amulet of magic regeneration
 D - the ring "Loptitom" (right hand) {rF+ rC++ rN++ Int-4}
   (You acquired it on level 4 of the Lair of Beasts)

   [ring of protection from fire]

   It affects your intelligence (-4).
   It protects you from fire.
   It greatly protects you from cold.
   It greatly protects you from negative energy.
Wands
 d - a wand of disintegration (2)
 e - a wand of random effects (96)
 h - a wand of clouds (5)
 t - a wand of digging (8)
 I - a wand of flame (87)
 L - a wand of iceblast (21)
Scrolls
 a - 4 scrolls of identify
 i - 8 scrolls of teleportation
 q - 4 scrolls of immolation
 u - 3 scrolls of magic mapping
 v - a scroll of blinking
 w - 19 scrolls of remove curse
 A - 5 scrolls of fear
 S - 4 scrolls of fog
 T - a scroll of enchant weapon
 X - a scroll of summoning
Potions
 g - 2 potions of resistance
 l - 2 potions of might
 m - 2 potions of invisibility
 r - 4 potions of mutation
 F - 10 potions of curing
 J - a potion of haste
 M - 3 potions of heal wounds
 Q - 4 potions of cancellation
 V - 3 potions of flight
 Z - 2 potions of magic
Miscellaneous
 b - 3 boxes of beasts
 c - a lightning rod (4/4)
 j - a tin of tremorstones (3/3)
 G - a phial of floods
 H - 2 phantom mirrors
Comestibles
 f - 52 rations


   Skills:
 * Level 17.1(16.6) Fighting
 * Level 16.3(17.8) Polearms
 * Level 14.6(17.0) Staves
 + Level 0.4(0.0) Throwing
 * Level 13.3(12.8) Armour
 * Level 13.9(13.4) Dodging
 - Level 0.3(0.0) Stealth
 - Level 10.3(9.8) Shields
 - Level 0.1(0.0) Spellcasting
 * Level 10.9(10.4) Evocations


You had 21 spell levels left.
You didn't know any spells.
Your spell library contained the following spells:

 Spells                   Type           Power        Failure   Level  Hunger
 Apportation              Tloc           #.....       69%         1    ##.....
 Corona                   Hex            #......      69%         1    ##.....
 Sting                    Tmut/Pois      #...         69%         1    ##.....
 Summon Butterflies       Summ           #.......     69%         1    ##.....
 Summon Small Mammal      Summ           #...         69%         1    ##.....
 Blink                    Tloc           N/A          83%         2    ###....
 Call Imp                 Summ           #.......     83%         2    ###....
 Ensorcelled Hibernation  Hex/Ice        #.....       83%         2    ###....
 Poisonous Vapours        Pois/Air       #.....       83%         2    ###....
 Slow                     Hex            #.......     83%         2    ###....
 Song of Slaying          Chrm           #.......     83%         2    ###....
 Swiftness                Chrm/Air       #.......     83%         2    ###....
 Call Canine Familiar     Summ           #.......     96%         3    ####...
 Confusing Touch          Hex            #.......     96%         3    ####...
 Gell's Gravitas          Tloc           #.........   96%         3    ####...
 Ignite Poison            Fire/Tmut/Pois #.......     96%         3    ####...
 Inner Flame              Hex/Fire       #.......     96%         3    ####...
 Lesser Beckoning         Tloc           #.........   96%         3    ####...
 Portal Projectile        Hex/Tloc       #.....       96%         3    ####...
 Recall                   Summ/Tloc      N/A          96%         3    ####...
 Summon Guardian Golem    Hex/Summ       #.......     96%         3    ####...
 Tukima's Dance           Hex            #.......     96%         3    ####...
 Airstrike                Air            #.........   100%        4    #####..
 Cause Fear               Hex            #.........   100%        4    #####..
 Olgreb's Toxic Radiance  Pois           #.......     100%        4    #####..
 Summon Lightning Spire   Summ/Air       #.......     100%        4    #####..
 Alistair's Intoxication  Tmut/Pois      #.......     100%        5    ######.
 Aura of Abjuration       Summ           #.........   100%        5    ######.
 Silence                  Hex/Air        #.........   100%        5    ######.
 Summon Demon             Summ           #.........   100%        5    ######.
 Summon Forest            Summ/Tloc      #.........   100%        5    ######.
 Yara's Violent Unravell  Hex/Tmut       #.........   100%        5    ######.
 Darkness                 Hex            #.........   100%        6    #######
 Dispersal                Tloc           #.........   100%        6    #######
 Invisibility             Hex            #.......     100%        6    #######
 Shadow Creatures         Summ           N/A          100%        6    #######
 Summon Hydra             Summ           #.........   100%        7    #######
 Controlled Blink         Tloc           N/A          100%        8    #######
 Discord                  Hex            #.........   100%        8    #######
 Disjunction              Tloc           #.........   100%        8    #######
 Ignition                 Fire           #.........   100%        8    #######
 Dragon's Call            Summ           #.........   100%        9    #######
 Tornado                  Air            #.........   100%        9    #######
 Animate Skeleton         Necr           Unusable     N/A         1    N/A
 Foxfire                  Conj/Fire      Unusable     N/A         1    N/A
 Magic Dart               Conj           Unusable     N/A         1    N/A
 Shock                    Conj/Air       Unusable     N/A         1    N/A
 Corpse Rot               Necr/Air       Unusable     N/A         2    N/A
 Sublimation of Blood     Necr           Unusable     N/A         2    N/A
 Conjure Flame            Conj/Fire      Unusable     N/A         3    N/A
 Dazzling Flash           Conj/Hex       Unusable     N/A         3    N/A
 Mephitic Cloud           Conj/Pois/Air  Unusable     N/A         3    N/A
 Static Discharge         Conj/Air       Unusable     N/A         3    N/A
 Vampiric Draining        Necr           Unusable     N/A         3    N/A
 Dispel Undead            Necr           Unusable     N/A         4    N/A
 Petrify                  Tmut/Erth      Unusable     N/A         4    N/A
 Sticky Flame             Conj/Fire      Unusable     N/A         4    N/A
 Agony                    Necr           Unusable     N/A         5    N/A
 Borgnjor's Vile Clutch   Necr/Erth      Unusable     N/A         5    N/A
 Excruciating Wounds      Chrm/Necr      Unusable     N/A         5    N/A
 Fireball                 Conj/Fire      Unusable     N/A         5    N/A
 Iskenderun's Battlesphe  Conj/Chrm      Unusable     N/A         5    N/A
 Lightning Bolt           Conj/Air       Unusable     N/A         5    N/A
 Freezing Cloud           Conj/Ice/Air   Unusable     N/A         6    N/A
 Iron Shot                Conj/Erth      Unusable     N/A         6    N/A
 Shatter                  Erth           Unusable     N/A         9    N/A

Dungeon Overview and Level Annotations

Branches:
Dungeon (15/15)            Temple (1/1) D:6            Lair (6/6) D:10
 Shoals (4/4) Lair:3       Spider (0/4) Lair:3        Slime (2/5) Lair:6
    Orc (2/2) D:9             Elf (3/3) Orc:2        Vaults (5/5) D:14
  Crypt (0/3) Vaults:2     Depths (2/5) D:15         Bailey (visited)

Altars:
Ashenzari
Cheibriados
Dithmenos
Elyvilon
Fedhas
Gozag
Hepliaklqana
Kikubaaqudgha
Makhleb
Nemelex Xobeh
Okawaru
Qazlal
Ru
Sif Muna
Trog
Uskayaw
Vehumet
Wu Jian
Xom
Yredelemnul
Zin
The Shining One
Beogh
Jiyva

Shops:
D:6 [   D:13 [   D:14 =   Orc:2 (}**   Elf:2 !   Vaults:1 !   Vaults:4 :*!
Depths:1 *

Portals:
Hell: Depths:1
Trove: Vaults:3 (give +3 ice dragon scales)

Annotations:
Vaults:5 Boris


Innate Abilities, Weirdness & Mutations

You have claws for feet.
Your flesh is heat resistant. (rF+)
You may emit foul miasma when damaged in melee.
Your magical capacity is low. (-10% MP)
You sometimes gain power by taking damage.
You are immune to rotting.
You are immune to clouds of flame.
You cannot study or cast Conjurations magic.
You cannot study or cast Earth magic.
You cannot study or cast Necromancy magic.
You are somewhat unskilled. (-1 Apt)
You are somewhat inexperienced. (-2 XL)
When seriously injured, your bleeding wounds create very thick armour. (AC +12)
You have sharp fingernails.
You tend to lose your temper in combat.
You are somewhat resistant to further mutation.
You are robust. (+10% HP)
You are resistant to electric shocks. (rElec)
Your spells are a little easier to cast, but a little less powerful.


Message History

The storm dragon barely misses you.
The storm dragon claws you but does no damage.
The storm dragon tramples you but does no damage.
The storm dragon looks sick.
You redirect the deep elf annihilator's attack!
The deep elf annihilator points at the ghostly vault guard and mumbles some strange words.
The iron shot hits the Brimstone Fiend!!
Something hits you but does no damage. Something barely misses you.
The tentacled monstrosity tentacle-slaps you but does no damage. x3
The tentacled monstrosity constricts you.
The deep elf death mage gives up.
The deep elf death mage beckons forth a restless soul!
The vault sentinel begins to cast a spell, but is stunned by your will!
The deep elf elementalist mumbles some strange words.
The deep elf elementalist seems to speed up.
The vault guard prays for help.
The vault warden unwields a +4 vorpal battleaxe.
The vault warden wields a +0 arbalest.
The vault warden shoots a bolt.
The bolt hits you!!!
You die...

p..# .c..#
....#....#...
..o#....#p9#
p....eHc{#
######.D1..)(p######
..p...C)ccxc........
......Dxpe<.p.......
pC....)@Xe{DW.e....
......k1{*C.......
#####(p(xp)p9x###
...#....1)pppD.####
#.).#.#.)pe#Ce..9.#
#.#.#.##D.*.##p.##o.#
...)...#.e..##.## #
..#.#..#..pO##D#
.#.#.#....##pC


You could see a Hell Sentinel (summoned), a shadow dragon, a tentacled
monstrosity, an iron dragon, an ironheart preserver, a titan, 3 storm dragons, a
frost giant (empowered), a Brimstone Fiend (summoned, corona), an Ice Fiend
(summoned), a fire giant (empowered), a sphinx (empowered), a stone giant, 3
vault wardens, 2 yaktaur captains, 8 vault guards, a ghostly vault guard, a deep
elf annihilator, 2 deep elf death magi, a ghostly deep elf sorcerer (empowered),
a deep elf elementalist (fast, empowered, repels missiles), an ogre mage (fast,
empowered, fleeing), 2 war gargoyles, 2 vault sentinels, a lindwurm shaped
shifter (sick), a deep elf high priest (brilliance aura), 2 ironbrand convokers,
3 yaktaurs, a freezing wraith, a deep elf mage, an orc warrior, 2 small
abominations, 2 lost souls, a +5 trident of protection (blind) and 2 crawling
corpses.

Vanquished Creatures
  Mennas (Vaults:3)
  Mara (Shoals:4)
  Sojobo (Depths:1)
  The ghost of Cykl0x the Formicid Blade, a veteran FoFi of the Shining One (Vaults:4)
  Jory (Vaults:2)
  A lich (Vaults:4)
  A tentacled monstrosity (Vaults:1)
  Rupert (D:14)
  Jorgrun (D:15)
  2 deep elf master archers (Elf:3)
  4 deep elf blademasters (Elf:3)
  2 krakens
  Kirke (D:13)
  2 tentacled starspawn (Abyss:2)
  Ilsuiw (Shoals:3)
  5 fire giants
  2 tengu reavers (Vaults:4)
  2 azure jellies
  13 deep elf sorcerers
  A deep elf elementalist (Elf:3)
  6 vault wardens
  A ghoul (Vaults:4)
  16 ironheart preservers
  9 very ugly things
  9 stone giants
  A dire elephant (Lair:6)
  5 deep elf annihilators
  6 deep elf demonologists
  4 ettins
  5 deep elf death magi
  A crystal guardian (Vaults:3)
  3 merfolk javelineers
  8 merfolk impalers
  3 death oozes (Slime:1)
  4 deep elf high priests
  6 fire dragons
  5 ice dragons
  2 great orbs of eyes
  3 rakshasas
  14 vault guards
  6 hydras
  5 yaktaur captains
  4 centaur warriors
  7 merfolk aquamancers
  Erica (D:8)
  31 two-headed ogres
  A catoblepas (Lair:6)
  2 death knights
  An alligator snapping turtle (Shoals:2)
  A merfolk avatar (Shoals:4)
  16 ogre magi
  A queen ant (D:8)
  A satyr (Shoals:4)
  25 dancing weapons
  15 death yaks
  3 deep troll shamans
  3 thrashing horrors (Abyss:3)
  A vampire mage (Vaults:2)
  9 deep troll earth magi
  An orc high priest (Elf:2)
  A spriggan berserker (Depths:2)
  A soul eater (Elf:3)
  Sonja (Lair:3)
  Nergalle (Lair:3)
  24 deep elf knights
  A sun demon (Abyss:3)
  4 hell knights (Depths:1)
  A sixfirhy (Abyss:3)
  10 large abominations
  4 skeletal warriors (D:14)
  2 wretched stars (Abyss:3)
  2 shadow wraiths
  2 spatial maelstroms
  8 unseen horrors
  20 deep trolls
  An entropy weaver zombie (Vaults:2)
  9 sea snakes
  2 flayed ghosts (Vaults:4)
  An iron troll (D:15)
  Pikel (D:6)
  12 wizards
  25 deep elf archers
  2 phantasmal warriors
  21 ironbrand convokers
  20 orc knights
  18 harpies
  7 necromancers
  An orb spider (shapeshifter) (Vaults:4)
  A fire giant zombie (Vaults:2)
  7 cyclopes
  17 fauns
  7 orc sorcerers
  4 wolf spiders
  A stone giant zombie (Vaults:2)
  2 oklob plants (Lair:5)
  11 manticores
  77 deep elf magi
  A manticore (shapeshifter) (D:13)
  43 ugly things
  2 frost giant zombies (Depths:1)
  A worldbinder (Abyss:3)
  Maurice (Orc:2)
  A frost giant skeleton (Abyss:3)
  8 water nymphs
  19 elephants
  8 merfolk sirens
  3 black mambas
  A rust devil (Abyss:2)
  17 vault sentinels
  An apocalypse crab (Abyss:2)
  8 spiny frogs
  A torpor snail (Lair:6)
  Psyche (D:8)
  3 small abominations
  2 smoke demons (Abyss:3)
  6 freezing wraiths
  2 rime drakes
  A hellwing (Abyss:3)
  2 komodo dragons
  4 kobold demonologists
  25 yaktaurs
  3 ancient zymes
  A tengu conjurer (D:13)
  A queen bee (shapeshifter) (Vaults:1)
  3 meliai (D:13)
  2 polar bears
  4 hornets
  29 merfolk
  4 trolls
  Prince Ribbit (Temple)
  4 wind drakes
  27 blink frogs
  5 hippogriffs
  A centaur simulacrum (D:14)
  13 snapping turtles
  12 dream sheep
  39 slime creatures
  2 fire giant simulacra
  3 air elementals (Elf:1)
  2 flying skulls
  3 vampires
  A ynoxinul (Abyss:3)
  5 hogs
  3 redbacks (Lair:3)
  2 tarantellas (shapeshifter)
  15 water elementals
  47 yaks
  4 wyverns
  A basilisk (D:11)
  6 golden eyes (Abyss:2)
  3 wraiths
  17 humans
  A human (shapeshifter) (Vaults:2)
  Grum (D:8)
  A fire elemental (Elf:1)
  A neqoxec (Abyss:3)
  A hungry ghost (D:12)
  9 soldier ants (D:8)
  3 insubstantial wisps (Abyss:3)
  10 wargs
  2 acid dragons
  12 water moccasins
  8 porcupines
  57 orc warriors
  3 ice beasts
  A sky beast (D:8)
  3 eyes of draining
  38 ogres
  A black bear (shapeshifter) (Vaults:1)
  2 ice beasts (shapeshifter)
  4 boggarts (Vaults:3)
  A wolf (shapeshifter) (Vaults:4)
  2 phantoms
  3 necrophages
  12 centaurs
  22 wolves
  12 crocodiles
  18 bullfrogs
  8 gnoll sergeants (Bailey)
  2 earth elementals (Elf:1)
  A tengu simulacrum (Depths:1)
  A wyvern skeleton (D:10)
  5 scorpions
  7 killer bees
  A troll skeleton (D:9)
  2 electric eels
  9 howler monkeys
  2 spriggan skeletons (D:9)
  6 crimson imps
  4 centaur zombies
  A quasit (D:8)
  3 bullfrog zombies
  A yaktaur simulacrum (Vaults:1)
  2 jellies
  6 gnoll shamans (Bailey)
  8 hounds
  7 centaur skeletons
  18 orc priests
  Terence (D:2)
  5 iguanas
  29 worker ants
  32 orc wizards
  11 hell rats (Lair:3)
  A hound skeleton (D:5)
  21 gnolls
  15 adders
  14 river rats (Lair:3)
  3 shadow imps
  A white imp (Abyss:3)
  An ufetubus (Abyss:2)
  A worm (D:2)
  10 leopard geckos
  141 orcs
  2 giant cockroaches
  11 goblins
  7 hobgoblins
  6 jackals
  9 quokkas
  6 bats
  5 frilled lizards
  10 kobolds
  3 leopard gecko skeletons (D:4)
  13 rats
  A bush (Elf:3)
  A crawling corpse (Elf:3)
  2 fungi
  A lurking horror (Abyss:3)
  14 plants
  4 tentacles
1745 creatures vanquished.

Vanquished Creatures (collateral kills)
  An orc sorcerer (D:12)
  A spiny frog (Lair:1)
2 creatures vanquished.

Vanquished Creatures (others)
  Frederick (Vaults:2)
  A deep elf blademaster (Elf:2)
  2 tengu reavers (Depths:1)
  A vault warden (Vaults:1)
  A deep elf sorcerer (Elf:3)
  A deep elf elementalist (Elf:3)
  A war gargoyle (Vaults:5)
  A stone giant (Vaults:5)
  A deep elf demonologist (Elf:3)
  A deep elf death mage (Elf:3)
  A yaktaur captain (Vaults:5)
  3 vault guards (Vaults:5)
  A rakshasa (Vaults:1)
  A two-headed ogre (Vaults:3)
  2 dancing weapons (Elf:2)
  2 ogre magi
  A deep elf knight (Elf:3)
  A sixfirhy (Abyss:3)
  A deep troll (Depths:2)
  A sea snake (Shoals:4)
  An ironbrand convoker (Vaults:1)
  2 harpies (Shoals:2)
  4 deep elf archers
  An orc knight (Vaults:4)
  2 deep elf magi
  An ugly thing (Vaults:1)
  2 manticores
  An elephant (Lair:2)
  3 spiny frogs
  A gargoyle (D:13)
  2 komodo dragons
  2 yaktaurs (Vaults:5)
  A slime creature (Slime:1)
  2 dream sheep (Lair:6)
  A raiju (shapeshifter) (Vaults:3)
  A spriggan (shapeshifter) (Vaults:2)
  A small abomination (Abyss:3)
  A ynoxinul (Abyss:3)
  A human (D:8)
  2 yaks
  A warg (Vaults:5)
  A water moccasin (Lair:2)
  2 ogres
  3 orc warriors
  3 centaurs
  A wolf (Lair:3)
  2 bullfrogs
  An earth elemental (Elf:1)
  A killer bee (D:8)
  3 orc wizards
  6 orcs
  8 fungi
  48 plants
  4 starspawn tentacles (Abyss:2)
  10 tentacles
151 creatures vanquished.

Grand Total: 1898 creatures vanquished

Notes
Turn   | Place    | Note
-------+----------+-------------------------------------------
     0 | D:1      | Allula97 the Demonspawn Fighter began the quest for the
                  | Orb.
     0 | D:1      | Reached XP level 1. HP: 18/18 MP: 1/1
   292 | D:1      | Gained mutation: You have sharp toenails. [demonic
                  | ancestry]
   292 | D:1      | Reached XP level 2. HP: 24/24 MP: 2/2
  1047 | D:2      | Gained mutation: You are immune to rotting. [demonic
                  | ancestry]
  1047 | D:2      | Reached XP level 3. HP: 27/29 MP: 3/3
  1087 | D:2      | Found a shimmering blue altar of Sif Muna.
  1184 | D:2      | Noticed Terence
  1210 | D:2      | Killed Terence
  1383 | D:2      | Gained mutation: You sometimes gain a little power by
                  | taking damage. [demonic ancestry]
  1383 | D:2      | Reached XP level 4. HP: 35/35 MP: 4/4
  1714 | D:3      | Reached skill level 1 in Dodging
  1860 | D:3      | Gained mutation: When seriously injured, your bleeding
                  | wounds create armour. (AC +12) [demonic ancestry]
  1860 | D:3      | Reached XP level 5. HP: 28/41 MP: 5/5
  2692 | D:3      | Reached XP level 6. HP: 25/48 MP: 6/6
  3857 | D:5      | Entered Level 5 of the Dungeon
  3882 | D:5      | Gained mutation: You are resistant to hostile enchantments.
                  | (MR+) [potion of mutation]
  3882 | D:5      | Gained mutation: You are resistant to electric shocks.
                  | (rElec) [potion of mutation]
  3882 | D:5      | Gained mutation: Armour fits poorly on your strangely
                  | shaped body. [potion of mutation]
  3882 | D:5      | Gained mutation: You have an increased reservoir of magic.
                  | (+10% MP) [potion of mutation]
  3883 | D:5      | Lost mutation: You are resistant to hostile enchantments.
                  | (MR+) [potion of mutation]
  3883 | D:5      | Lost mutation: Armour fits poorly on your strangely shaped
                  | body. [potion of mutation]
  3883 | D:5      | Lost mutation: You have an increased reservoir of magic.
                  | (+10% MP) [potion of mutation]
  3883 | D:5      | Gained mutation: You have sharp fingernails. [potion of
                  | mutation]
  3883 | D:5      | Gained mutation: You are robust. (+10% HP) [potion of
                  | mutation]
  3883 | D:5      | Gained mutation: You are somewhat resistant to further
                  | mutation. [potion of mutation]
  4234 | D:5      | Reached skill level 4 in Fighting
  4318 | D:5      | Reached XP level 7. HP: 56/59 MP: 7/7
  4772 | D:6      | Found an ornate altar of the Wu Jian Council.
  4881 | D:6      | Found a staircase to the Ecumenical Temple.
  4886 | D:6      | Noticed Prince Ribbit
  4913 | Temple   | Entered the Ecumenical Temple
  4928 | Temple   | Killed Prince Ribbit
  4928 | Temple   | Reached skill level 5 in Polearms
  5368 | D:6      | Found Qetz's Antique Armour Emporium.
  5548 | D:6      | Found a sacrificial altar of Ru.
  5552 | D:6      | Gained mutation: You have razor-sharp toenails. [demonic
                  | ancestry]
  5552 | D:6      | Reached XP level 8. HP: 67/67 MP: 8/8
  5681 | D:6      | Became a worshipper of Ru the Awakened
  5734 | D:6      | Noticed Pikel
  5770 | D:6      | Killed Pikel
  5770 | D:6      | Reached skill level 5 in Fighting
  5770 | D:6      | Reached skill level 5 in Armour
  5941 | D:6      | Got a fine scale mail
  5952 | D:6      | Identified the +5 scale mail "Fiastruc" {Slay+3} (You found
                  | it on level 6 of the Dungeon)
  6322 | D:7      | Noticed a slime creature
  6322 | D:7      | Noticed a slime creature
  6322 | D:7      | Noticed a slime creature
  6322 | D:7      | Noticed a slime creature
  6322 | D:7      | Noticed a slime creature
  6322 | D:7      | Noticed a slime creature
  6326 | D:7      | Killed a slime creature
  6382 | D:8      | Killed a slime creature
  6382 | D:8      | Reached XP level 9. HP: 72/74 MP: 9/9
  6961 | D:8      | Reached skill level 6 in Fighting
  7247 | D:7      | Found a hide-covered altar of Uskayaw.
  7653 | D:7      | Gained mutation: When seriously injured, your bleeding
                  | wounds create thick armour. (AC +12) [demonic ancestry]
  7653 | D:7      | Reached XP level 10. HP: 51/84 MP: 10/10
  8274 | D:7      | Found a glowing golden altar of the Shining One.
  8404 | D:7      | Found a blossoming altar of Fedhas.
  8825 | D:8      | Found an iron altar of Okawaru.
  8900 | D:8      | Noticed Erica
  8921 | D:8      | Killed Erica
  9075 | D:8      | Noticed Psyche
  9091 | D:8      | Noticed Grum
  9093 | D:8      | Killed Psyche
  9097 | D:8      | Reached skill level 5 in Dodging
  9098 | D:8      | Reached skill level 7 in Fighting
  9105 | D:8      | Killed Grum
  9459 | D:8      | Reached skill level 10 in Polearms
  9484 | D:8      | Reached skill level 8 in Fighting
  9646 | D:8      | Noticed a queen ant
  9662 | D:8      | Killed a queen ant
  9982 | D:8      | Reached XP level 11. HP: 81/95 MP: 11/11
 10504 | D:8      | Gained mutation: You are somewhat unskilled. (-1 Apt) [Ru
                  | sacrifice]
 10504 | D:8      | Reduced skill Fighting to level 7
 10504 | D:8      | Reached * piety under Ru
 10504 | D:8      | Reached ** piety under Ru
 10886 | D:6      | Bought a fading plate armour for 420 gold pieces
 10901 | D:6      | Identified the cursed +0 plate armour "Biff" {rN+++ rCorr
                  | Int-3 Stlth+} (You bought it in a shop on level 6 of the
                  | Dungeon)
 10973 | D:9      | Reached skill level 1 in Evocations
 11568 | D:8      | Reached skill level 10 in Polearms
 11568 | D:8      | Reached skill level 5 in Dodging
 11572 | D:8      | Reached skill level 8 in Fighting
 12133 | D:9      | Found a sparkling altar of Nemelex Xobeh.
 12389 | D:9      | Found a shimmering altar of Xom.
 12401 | D:9      | Found a snail-covered altar of Cheibriados.
 12404 | D:9      | Found a stormy altar of Qazlal.
 12407 | D:9      | Found a radiant altar of Vehumet.
 12550 | D:9      | Found a staircase to the Orcish Mines.
 12756 | D:9      | Killed an unseen horror
 12972 | Orc:1    | Entered Level 1 of the Orcish Mines
 13279 | D:10     | Entered Level 10 of the Dungeon
 13285 | D:10     | Noticed a death yak
 13285 | D:10     | Noticed a death yak
 13332 | D:10     | Killed a death yak
 13363 | D:10     | Noticed a death yak
 13363 | D:10     | Noticed a death yak
 13364 | D:10     | Noticed a death yak
 13388 | D:10     | Found a flagged portal.
 13410 | Bailey   | Entered a bailey
 13562 | Bailey   | Gained mutation: Your magical capacity is low. (-10% MP)
                  | [Ru sacrifice]
 13643 | Bailey   | Identified the +0 buckler of Somewhere Else {rN+ Dex+2
                  | SInv}
 14001 | D:10     | Noticed an orc knight
 14031 | D:10     | Killed an orc knight
 14356 | D:10     | Killed a death yak
 14640 | D:10     | Noticed an unseen horror
 14644 | D:10     | Killed an unseen horror
 14655 | D:10     | Got a clouded emerald amulet
 14660 | D:10     | Identified the amulet of Satisfaction {Inacc rPois} (You
                  | found it on level 10 of the Dungeon)
 14847 | D:10     | Found a staircase to the Lair.
 14884 | D:10     | Gained mutation: You may emit foul miasma when damaged in
                  | melee. [demonic ancestry]
 14884 | D:10     | Reached XP level 12. HP: 103/103 MP: 12/12
 15456 | D:10     | Killed a death yak
 15466 | D:10     | Killed a death yak
 15467 | D:10     | Killed a death yak
 16003 | Orc:2    | Entered Level 2 of the Orcish Mines
 16009 | Orc:2    | Noticed a two-headed ogre
 16188 | Orc:2    | Reached skill level 9 in Fighting
 16201 | Orc:2    | Killed a two-headed ogre
 16567 | Orc:2    | Found a staircase to the Elven Halls.
 16597 | Orc:2    | Gained mutation: You cannot study or cast Earth magic. [Ru
                  | sacrifice]
 16597 | Orc:2    | Gained mutation: You cannot study or cast Necromancy magic.
                  | [Ru sacrifice]
 16597 | Orc:2    | Gained mutation: You cannot study or cast Conjurations
                  | magic. [Ru sacrifice]
 16597 | Orc:2    | Reached *** piety under Ru
 16719 | Orc:2    | Noticed Maurice
 16759 | Orc:2    | Killed Maurice
 17341 | Orc:2    | Found Aguas's General Store.
 17341 | Orc:2    | Found Mykkoil's Assorted Antiques.
 18646 | Orc:2    | Reached XP level 13. HP: 109/112 MP: 14/14
 18893 | Orc:2    | Found Tealudie's Weapon Boutique.
 18893 | Orc:2    | Found Xiots's Gadget Emporium.
 18939 | Orc:2    | Bought a wand of digging (8) for 360 gold pieces
 18939 | Orc:2    | Bought a wand of iceblast (8) for 180 gold pieces
 18939 | Orc:2    | Bought a wand of clouds (5) for 405 gold pieces
 19144 | Orc:2    | Found a roughly hewn altar of Beogh.
 19274 | Orc:2    | Bought 2 potions of resistance for 280 gold pieces
 19274 | Orc:2    | Bought a potion of heal wounds for 70 gold pieces
 19274 | Orc:2    | Bought a scroll of magic mapping for 49 gold pieces
 19283 | Orc:2    | Bought a metallic dark potion for 22 gold pieces
 19488 | Orc:1    | Paralysed by an orc sorcerer for 3 turns
 19495 | Orc:1    | Paralysed by an orc sorcerer for 6 turns
 19772 | Orc:2    | Gained mutation: You are somewhat inexperienced. (-2 XL)
                  | [Ru sacrifice]
 19772 | Orc:2    | Reached XP level 12. HP: 106/106 MP: 13/13
 19772 | Orc:2    | Reached XP level 11. HP: 99/99 MP: 12/12
 19772 | Orc:2    | Reached **** piety under Ru
 19772 | Orc:2    | Reached ***** piety under Ru
 19772 | Orc:2    | Reached ****** piety under Ru
 19782 | Elf:1    | Entered Level 1 of the Elven Halls
 19782 | Elf:1    | Noticed a deep elf mage
 19782 | Elf:1    | Noticed a deep elf mage
 19782 | Elf:1    | Noticed a deep elf mage
 19785 | Elf:1    | Noticed a deep elf mage
 19794 | Elf:1    | Noticed a deep elf mage
 19798 | Elf:1    | Killed a deep elf mage
 19807 | Elf:1    | Killed a deep elf mage
 19912 | Lair:1   | Entered Level 1 of the Lair of Beasts
 20499 | Lair:1   | Reached skill level 10 in Fighting
 21235 | Lair:3   | Noticed an eight-headed hydra
 21624 | Lair:2   | Reached XP level 12. HP: 101/106 MP: 13/13
 22387 | Lair:3   | Noticed Sonja
 22400 | Lair:3   | Killed Sonja
 22614 | Lair:3   | Found a hole to the Spider Nest.
 22864 | Lair:3   | Found a staircase to the Shoals.
 22944 | Lair:3   | Killed an eight-headed hydra
 23005 | Lair:3   | Reached skill level 5 in Evocations
 23196 | Lair:3   | Noticed Nergalle
 23217 | Lair:3   | Killed Nergalle
 24217 | Lair:4   | Noticed an eight-headed hydra
 24225 | Lair:4   | Killed an eight-headed hydra
 24545 | Lair:4   | Noticed a five-headed hydra
 24572 | Lair:4   | Killed a five-headed hydra
 24572 | Lair:4   | Reached XP level 13. HP: 42/114 MP: 6/15
 24770 | Lair:4   | Identified a scroll of acquirement
 24778 | Lair:4   | Acquired the ring "Loptitom" {rF+ rC++ rN++ Int-4}
 25110 | Lair:4   | Acquired the +3 cloak of Skepticism {rPois Str-3 Dex+4}
 25778 | Lair:5   | Reached skill level 11 in Fighting
 26293 | Lair:5   | Reached skill level 10 in Armour
 26586 | Lair:6   | Entered Level 6 of the Lair of Beasts
 26809 | Lair:6   | Found a runed translucent door.
 26810 | Lair:6   | Found a viscous altar of Jiyva.
 26811 | Lair:6   | Noticed an azure jelly
 26814 | Lair:6   | Found a staircase to the Slime Pits.
 27554 | Lair:6   | Reached XP level 14. HP: 111/124 MP: 13/16
 27622 | Lair:6   | Found a shadowy altar of Dithmenos.
 28651 | Lair:6   | Killed an azure jelly
 28809 | Slime:1  | Entered Level 1 of the Pits of Slime
 30067 | D:12     | Acquired a manual of Dodging
 30180 | D:12     | Reached skill level 5 in Shields
 30183 | D:12     | Reached skill level 12 in Fighting
 30411 | D:12     | Gained mutation: Your spells are a little easier to cast,
                  | but a little less powerful. [a neqoxec]
 30493 | D:12     | Got a heavily runed leather armour
 30510 | D:12     | Identified the +2 leather armour of the Cartwright {rF+
                  | MR+} (You found it on level 12 of the Dungeon)
 30547 | D:12     | Identified the Compendium of Creative Darkness
 30685 | D:12     | Found a roughly hewn altar of Beogh.
 31716 | D:13     | Gained mutation: Your flesh is heat resistant. (rF+)
                  | [demonic ancestry]
 31716 | D:13     | Reached XP level 15. HP: 130/133 MP: 18/18
 31749 | D:13     | Found Fecwitem's Antique Armour Boutique.
 31775 | D:13     | Bought a runed tower shield for 240 gold pieces
 31775 | D:13     | Bought a pair of embroidered gloves for 240 gold pieces
 31827 | D:13     | Noticed Kirke
 31871 | D:13     | Killed Kirke
 32231 | D:14     | Found a gate to the Vaults.
 32231 | D:14     | Noticed Rupert
 32243 | D:14     | Killed Rupert
 32811 | D:14     | Found Qimnoz's Jewellery Shop.
 33115 | D:15     | Entered Level 15 of the Dungeon
 33209 | D:15     | Found a staircase to the Depths.
 33237 | Depths:1 | Entered Level 1 of the Depths
 33890 | D:15     | Noticed Jorgrun
 33913 | D:15     | Killed Jorgrun
 34585 | Elf:1    | Reached skill level 15 in Polearms
 34630 | Elf:1    | Noticed a deep elf sorcerer
 34640 | Elf:1    | Noticed a deep elf sorcerer
 34646 | Elf:1    | Killed a deep elf sorcerer
 34659 | Elf:1    | Killed a deep elf sorcerer
 34659 | Elf:1    | Reached skill level 13 in Fighting
 34709 | Elf:1    | Gained mutation: When seriously injured, your bleeding
                  | wounds create very thick armour. (AC +12) [demonic
                  | ancestry]
 34709 | Elf:1    | Reached XP level 16. HP: 49/143 MP: 10/19
 36050 | Elf:1    | Identified the Volume of Creative Conjuration
 37072 | Elf:2    | Found a runed translucent gate.
 37072 | Elf:2    | Found a runed translucent gate.
 37073 | Elf:2    | Found a runed translucent gate.
 37105 | Elf:2    | Found Miepp's Distillery.
 37128 | Elf:2    | Bought 2 potions of curing for 84 gold pieces
 37169 | Elf:2    | Reached skill level 10 in Dodging
 38295 | Elf:2    | Noticed a deep elf blademaster
 38588 | Elf:2    | Killed a deep elf blademaster
 38964 | Elf:3    | Entered Level 3 of the Elven Halls
 39350 | Elf:3    | Cast into level 2 of the Abyss (a deep elf sorcerer)
 39489 | Elf:3    | Escaped the Abyss
 39495 | Elf:3    | Gained mutation: You sometimes gain power by taking damage.
                  | [demonic ancestry]
 39495 | Elf:3    | Reached XP level 17. HP: 143/151 MP: 19/21
 39508 | Elf:3    | Noticed a Hell Sentinel
 39508 | Elf:3    | Noticed a deep elf blademaster
 39522 | Elf:3    | Killed a deep elf blademaster
 39525 | Elf:3    | Noticed a deep elf master archer
 39545 | Elf:3    | Noticed a deep elf master archer
 39547 | Elf:3    | Noticed a deep elf blademaster
 39560 | Elf:3    | Killed a deep elf master archer
 39581 | Elf:3    | Killed a deep elf blademaster
 39581 | Elf:3    | Reached skill level 14 in Fighting
 39591 | Elf:3    | Killed a deep elf master archer
 39677 | Elf:3    | Noticed a deep elf blademaster
 39704 | Elf:3    | Killed a deep elf blademaster
 39906 | Elf:3    | Noticed an Ice Fiend
 39924 | Elf:3    | Identified the ring "Pazi" {+Fly rPois rF+ AC+4 Str-2}
 39931 | Elf:3    | Noticed an Ice Fiend
 39966 | Elf:3    | Identified the ring "Xowkue" {*Tele Str+2}
 40028 | Elf:3    | Cast into level 2 of the Abyss (a deep elf sorcerer)
 40201 | Abyss:2  | Reached skill level 1 in Staves
 40279 | Abyss:2  | Noticed a bone dragon
 40319 | Elf:3    | Escaped the Abyss
 40337 | Elf:3    | Got a buzzing ring mail
 40339 | Elf:3    | Identified the +1 ring mail of the Realm of Zot {rElec rF-
                  | Int+2} (You found it on level 3 of the Elven Halls)
 40401 | Elf:3    | Identified the Tome of Entrancing Creation
 40406 | Elf:3    | Identified the Handbook of Creation
 40475 | Elf:3    | Noticed a Hell Sentinel
 40476 | Elf:3    | Noticed a Brimstone Fiend
 40482 | Elf:3    | Gained mutation: You tend to lose your temper in combat. [a
                  | cacodemon]
 40771 | Elf:3    | Noticed a deep elf blademaster
 40791 | Elf:3    | Cast into level 3 of the Abyss (a deep elf sorcerer)
 41415 | Elf:3    | Escaped the Abyss
 41421 | Elf:3    | Killed a deep elf blademaster
 41436 | Elf:3    | Gained mutation: You have claws for feet. [demonic
                  | ancestry]
 41436 | Elf:3    | Reached XP level 18. HP: 71/161 MP: 5/22
 41637 | Elf:3    | Reached skill level 5 in Staves
 41637 | Elf:3    | Reached skill level 10 in Shields
 43124 | Depths:1 | Found a gateway to Hell.
 43239 | Depths:1 | Noticed Sojobo
 43698 | Depths:1 | Killed Sojobo
 43965 | Depths:1 | Found Voakulin's Blood Bar.
 44496 | Shoals:1 | Entered Level 1 of the Shoals
 45457 | Shoals:2 | Acquired a +0 pair of gloves of dexterity
 45856 | Shoals:2 | Gained mutation: You are immune to clouds of flame.
                  | [demonic ancestry]
 45856 | Shoals:2 | Reached XP level 19. HP: 132/169 MP: 14/23
 46669 | Shoals:3 | Noticed Ilsuiw
 46706 | Shoals:3 | Killed Ilsuiw
 46784 | Shoals:3 | Reached skill level 15 in Fighting
 47081 | Shoals:4 | Entered Level 4 of the Shoals
 47130 | Shoals:4 | Reached skill level 10 in Staves
 47240 | Shoals:4 | Got a barnacled rune of Zot
 47478 | Shoals:4 | Identified the +4 quarterstaff of Ragnarok {freeze, rN+}
                  | (You found it on level 4 of the Shoals)
 47599 | Shoals:4 | Identified the Disquisition on Talismans and the Frostbite
 47837 | Shoals:4 | Noticed Mara
 47869 | Shoals:4 | Killed Mara
 48828 | Vaults:1 | Entered Level 1 of the Vaults
 49036 | Vaults:1 | Found Poaxtiok's Distillery.
 49044 | Vaults:1 | Bought a potion of haste for 130 gold pieces
 49044 | Vaults:1 | Bought a potion of mutation for 104 gold pieces
 49044 | Vaults:1 | Bought a potion of heal wounds for 65 gold pieces
 49044 | Vaults:1 | Bought a potion of resistance for 130 gold pieces
 49044 | Vaults:1 | Bought a potion of might for 52 gold pieces
 49635 | Vaults:1 | Reached XP level 20. HP: 174/179 MP: 20/24
 50453 | Vaults:2 | Noticed Frederick
 50468 | Vaults:2 | Killed Frederick
 50682 | Vaults:2 | Noticed Jory
 50713 | Vaults:2 | Killed Jory
 50990 | Vaults:2 | Reached skill level 10 in Evocations
 50996 | Vaults:2 | Found a staircase to the Crypt.
 51538 | Vaults:2 | Reached skill level 16 in Fighting
 51655 | Vaults:2 | Cast into level 2 of the Abyss (a wizard)
 51751 | Vaults:2 | Escaped the Abyss
 52293 | Vaults:3 | Paralysed by an ogre mage for 6 turns
 52486 | Vaults:3 | Reached XP level 21. HP: 139/188 MP: 18/25
 52738 | Vaults:3 | Noticed Mennas
 52786 | Vaults:3 | HP: 6/188 [Mennas/+5 trishula of holy wrath (8)]
 52790 | Vaults:3 | HP: 2/188 [Mennas/+5 trishula of holy wrath (7)]
 53301 | Vaults:3 | Killed Mennas
 53743 | Vaults:3 | Identified Tiucseko's Volume of Dusty Lightness
 53933 | Vaults:3 | Found a portal to a secret trove of treasure.
 54847 | Vaults:4 | Found Ihudasoe's General Store.
 54901 | Vaults:4 | Bought a potion of might for 44 gold pieces
 54901 | Vaults:4 | Bought a wand of clouds (5) for 297 gold pieces
 54931 | Vaults:4 | Found Luobuh Dote's Book Emporium.
 55327 | Vaults:4 | Paralysed by an ogre mage for 6 turns
 55640 | Vaults:4 | Found Jumamoym's Distillery.
 55649 | Vaults:4 | Bought a potion of heal wounds for 55 gold pieces
 55649 | Vaults:4 | Bought 2 potions of heal wounds for 110 gold pieces
 55649 | Vaults:4 | Bought a potion of heal wounds for 55 gold pieces
 55662 | Vaults:4 | Found a runed translucent door.
 55662 | Vaults:4 | Found a shimmering altar of Xom.
 55662 | Vaults:4 | Noticed Cykl0x's ghost (veteran FoFi)
 55691 | Vaults:4 | Killed Cykl0x's ghost
 56424 | Vaults:4 | Reached skill level 17 in Fighting
 56582 | Vaults:5 | Entered Level 5 of the Vaults
 56583 | Vaults:5 | Reached XP level 22. HP: 199/199 MP: 27/27
 56604 | Vaults:5 | Noticed Boris
 56616 | Vaults:5 | Paralysed by a yaktaur for 3 turns
 56626 | Vaults:5 | Shot with a bolt by a vault warden

Illustrated notes

Levels and vault maps discovered:
D:1:      eino_arrival_water_cross, layout_basic
D:2:      layout_basic, nicolae_overflow_hidden_temple, uniq_terence
D:3:      layout_rooms, first_ration
D:4:      layout_loops_ring
D:5:      layout_loops_ring
D:6:      layout_loops_corners, nicolae_ru_the_path_less_chosen,
          lemuel_coloured_pillars_altar, temple_pool_b, serial_shops,
          nicolae_shop_behind_doors, uniq_pikel, uniq_prince_ribbit1
D:7:      layout_cave_pods, kennysheep_mini, nicolae_tso_swordbearing_angel,
          lemuel_crystal_altar
D:8:      layout_cave_pods, okawaru_trees_2, grunt_livestock,
          minmay_another_anthill, uniq_grum, uniq_psyche, uniq_erica
D:9:      layout_cave_pools, nemelex_xobeh_ov_fountains_minmay,
          grunt_temple_overflow_cloverleaf, erik_orc_4, hangedman_tell_no_tales
D:10:     layout_grid_maze, dpeg_lair_monsters, enter_bailey_3
D:11:     layout_roguey
D:12:     minmay_tri_stars, layout_basic, special_room [special_room_orc]
D:13:     layout_basic, serial_shops, kennysheep_little_box, uniq_kirke
D:14:     layout_loops_ring, david_vaults_3, serial_shops, nicolae_shop_trees,
          nicolae_water_bricks, grunt_decor_cap, hangedman_decor_push
D:15:     grunt_enter_depths_hoard, layout_cave_pools, minmay_hedge_maze,
          uniq_jorgrun
Temple:   dpeg_chambers_temple
Lair:1:   layout_roguey, serial_bayou_shore_a
Lair:2:   layout_chaotic_city, grunt_megastairs_1, infiniplex_staircase_pool
Lair:3:   lemuel_ratsnest, layout_cave_pods, elwin_shoals_entry_rooms,
          spider_nest_entry_webs, serial_bayou_pond_b, grunt_megastairs_4,
          lemuel_fruit_tree, uniq_nergalle, uniq_sonja
Lair:4:   layout_small_grid, grunt_megastairs_2
Lair:5:   layout_hall_layers, minmay_lair_oklob_chamber
Lair:6:   grunt_lair_end_beastmaster, layout_hall_layers, slime_altar_2,
          lemuel_centaur_altar
Shoals:1: layout_shoals
Shoals:2: layout_shoals
Shoals:3: layout_shoals, uniq_ilsuiw
Shoals:4: shoals_end_grunt_garden, layout_shoals, shoals_ilsuiw_ice, uniq_mara
Slime:1:  layout_caves, cheibrodos_slime_lost_civilization_5
Slime:2:  layout_caves, special_room [special_room_jelly],
          cheibrodos_slime_lost_civilization_4
Orc:1:    layout_diamond_mine
Orc:2:    st_orc_town, layout_caves, mines4_lemuel, uniq_maurice
Elf:1:    eino_elf_arrival_sip, layout_loops_corners, minmay_elf_sorcery,
          corner_web_ring, serial_sigils_hangedman_writhe, kb_rosetta
Elf:2:    layout_geoelf_grid, serial_shops, nicolae_shop_crystal, st_stairs_3
Elf:3:    minmay_elf_hall_circle, layout_geoelf_octagon
Vaults:1: vaults_dpeg_cross, ontoclasm_vaults_bender, nicolae_vaults_rhombus_6,
          ontoclasm_vaults_chip, nicolae_vaults_what_the_h,
          nicolae_vaults_rhombus_7, ontoclasm_vaults_gateway, vaults_room_pool,
          nicolae_vaults_ring_of_whatevers, v_pattern_2,
          dpeg_vaults_monster_row, ontoclasm_vaults_shuriken,
          vaults_dpeg_diagonal, vaults_room_grunt_arrival_ludios,
          layout_vaults_omnicross, serial_glass, serial_shops, shop
Vaults:2: v_misc_30, v_pattern_4, minmay_crypt_entry_simple_box,
          ontoclasm_vaults_eye, nicolae_vaults_network_s, v_rooms_6,
          layout_vaults_big_room, uniq_frederick, uniq_jory
Vaults:3: nicolae_vaults_windows_and_doors_thing, v_misc_16,
          vaults_mumra_minichess_inversion, ontoclasm_vaults_hangar,
          vaults_dpeg_hooks, hangedman_vaults_locks,
          nicolae_vaults_twisting_passages, st_cross, nicolae_vaults_little_ls,
          grunt_vaults_bifocal, nicolae_vaults_alarming,
          hangedman_vaults_river_flow, layout_vaults_maze,
          nicolae_trove_entry_crystal, uniq_mennas
Vaults:4: ebering_vaults_ghost_xom, v_misc_5, v_misc_31,
          hangedman_vaults_stretched_pinwheel, st_smaller_cells,
          nicolae_vaults_network_square, hangedman_vaults_slice,
          nicolae_vaults_shelves_hall, nicolae_vaults_shelves_hall, v_misc_8,
          vaults_room_semicircle, layout_vaults_omnigrid, serial_shops, shop,
          shop_fountains, shop
Vaults:5: uniq_boris
Depths:1: layout_forbidden_donut, chequers_serial_rivers_micro_b,
          grunt_metal_band, serial_co_window_serial, co_window_of_opportunity_a,
          co_window_of_opportunity_a, co_window_paths_a, co_window_paths_b,
          co_window_of_opportunity_a, co_window_corner_ca, co_window_corner_ca,
          co_window_broadway_c, co_window_corner_b, co_window_4corner_b,
          glass_columns_a, glass_columns_b, glass_columns_a, glass_columns_a,
          glass_columns_b, hangedman_abyss_or_decor_stabs, guppyfry_shop_blood,
          uniq_sojobo
Depths:2: hangedman_hanging_gardens, layout_basic, hangedman_geh_valley,
          interstate_on_off, roderic_roman_lattice

Skill      XL: |  1  2  3  4  5  6  7  8  9 10 11 12 13 14 15 16 17 18 19 20 21 |
---------------+----------------------------------------------------------------+-----
Shields        | 3 4 5 7 9 10 | 10.3
Polearms       | 2 3 4 5 7 9 10 10 13 14 15 16 | 16.3
Armour         | 3 4 5 6 7 9 8 10 11 12 13 | 13.3
Dodging        | 1 2 3 4 5 5 6 7 8 9 10 11 12 13 | 13.9
Fighting       | 4 5 6 8 10 9 11 12 13 14 15 16 17 | 17.1
Evocations     | 2 5 6 7 8 9 10 | 10.9
Staves         | 4 9 11 13 14 | 14.6
Throwing       | |  0.4
Stealth        | |  0.3
Spellcasting   | |  0.1

Action                   |  1- 3 |  4- 6 |  7- 9 | 10-12 | 13-15 | 16-18 | 19-21 | 22-24 || total
-------------------------+-------+-------+-------+-------+-------+-------+-------+-------++-------
Melee: Trident           |   108 |   320 |   342 |  2562 |  1781 |  1022 |       |       ||  6135
       Kick              |    21 |    67 |       |       |       |   269 |   908 |    14 ||  1279
       Unarmed           |       |       |       |       |    15 |       |       |       ||    15
       Bardiche          |       |       |       |       |     3 |       |       |       ||     3
       Lajatang          |       |       |       |       |       |   933 |  2002 |    25 ||  2960
       Demon trident     |       |       |       |       |       |       |    15 |       ||    15
Throw: Boomerang         |       |       |       |     4 |       |     1 |    12 |       ||    17
       Throwing net      |       |       |       |     8 |       |       |       |       ||     8
       Dart              |       |       |       |     1 |     2 |     7 |       |       ||    10
       Javelin           |       |       |       |       |       |       |    11 |       ||    11
Invok: Sacrifice Essence |       |       |       |     1 |       |       |       |       ||     1
       Sacrifice Experie |       |       |       |     1 |       |       |       |       ||     1
       Sacrifice Skill   |       |       |       |     1 |       |       |       |       ||     1
       Power Leap        |       |       |       |     2 |     3 |       |       |       ||     5
       Sacrifice Arcana  |       |       |       |     1 |       |       |       |       ||     1
       Apocalypse        |       |       |       |       |     3 |     2 |     2 |     1 ||     8
       Draw Out Power    |       |       |       |       |       |     5 |     3 |       ||     8
Evoke: Wand              |       |       |     3 |    25 |    23 |    20 |     7 |       ||    78
       Box of beasts     |       |       |       |       |     2 |     1 |       |       ||     3
       Phantom mirror    |       |       |       |       |     1 |       |       |       ||     1
       Phial of floods   |       |       |       |       |       |     1 |       |       ||     1
       Lightning rod     |       |       |       |       |       |       |    10 |       ||    10
  Use: Scroll            |     3 |     6 |       |    18 |    15 |    20 |    14 |     3 ||    79
       Potion            |       |     5 |     7 |    16 |     3 |     6 |    10 |     4 ||    51
 Stab: Distracted        |       |       |       |     7 |    12 |    10 |     8 |       ||    37
       Invisible         |       |       |       |     9 |     5 |    16 |    25 |       ||    55
       Held in net/web   |       |       |       |     7 |       |       |       |       ||     7
       Paralysed         |       |       |       |     7 |     7 |    12 |     3 |     3 ||    32
       Petrified         |       |       |       |       |    12 |       |       |       ||    12
       Petrifying        |       |       |       |       |     1 |       |       |       ||     1
       Confused          |       |       |       |       |       |     1 |       |       ||     1
  Eat: Chunk             |     1 |    10 |     7 |    50 |    36 |    25 |    28 |       ||   157
       Ration            |       |       |     1 |     1 |     1 |     4 |     3 |       ||    10
Armor: Plate armour      |    56 |   161 |    84 |  1089 |    36 |       |       |       ||  1426
       Scale mail        |       |       |    94 |   116 |   534 |   789 |   700 |    47 ||  2280
       Skin              |       |       |     3 |    21 |       |       |       |       ||    24
Dodge: Dodged            |    14 |    32 |   125 |   850 |   516 |  1063 |  1560 |    51 ||  4211
Block: Kite shield       |    35 |   159 |    32 |       |       |       |       |       ||   226
       Buckler           |       |       |    46 |   505 |   123 |       |       |       ||   674
       Tower shield      |       |       |       |       |   409 |   441 |       |       ||   850
